 Dungeon Crawl Stone Soup version 0.21.1-1-g345015f (webtiles) character file.

63 theblackcape the Ducker (level 3, -1/17 HPs)
             Began as a Felid Monk on July 7, 2018.
             Slain by an adder (2 damage)
             ... on level 3 of the Dungeon.
             The game lasted 00:05:38 (1901 turns).

theblackcape the Ducker (Felid Monk)                Turns: 1901, Time: 00:05:39

Health: -1/17      AC:  1    Str:  7    XL:     3   Next: 89%
Magic:  4/4        EV: 21    Int: 11    God:
Gold:   170        SH:  0    Dex: 19    Spells: 2/2 levels left
                                        Lives:  0   Deaths: 1

rFire    . . .     SeeInvis +     - Unarmed
rCold    . . .     Gourm    .   (shield unavailable)
rNeg     . . .     Faith    .   (armour unavailable)
rPois    .         Spirit   .   (helmet unavailable)
rElec    .         Reflect  .   (cloak unavailable)
rCorr    .         Harm     .   (gloves unavailable)
MR       .....                  (boots unavailable)
Stlth    +++.......             (no amulet)
HPRegen  0.05/turn              (no ring)
MPRegen  0.09/turn              (no ring)

@: quick
A: very small, no armour, no weapons or thrown items, stealth, claws 1, fangs 3,
see invisible, carnivore, speed 1, shaggy fur 1, slow metabolism 1, sharp paws
a: no special abilities


You were on level 3 of the Dungeon.
You were very full.

You visited 1 branch of the dungeon, and saw 3 of its levels.

You collected 170 gold pieces.

Inventory:

Jewellery
 b - an uncursed ring of protection from cold {unknown}
Scrolls
 c - 2 scrolls of teleportation
 d - a scroll of identify
 e - a scroll of magic mapping
 f - a scroll of amnesia {unknown}
Potions
 g - a potion of resistance {unknown}
Comestibles
 a - 7 rations


   Skills:
 + Level 3.1 Fighting
 + Level 4.7 Dodging
 + Level 3.8 Stealth
 * Level 4.4 Unarmed Combat


You had 2 spell levels left.
You didn't know any spells.

Dungeon Overview and Level Annotations

Branches:
Dungeon (3/15)

Altars:
Gozag
Kikubaaqudgha
Uskayaw


Innate Abilities, Weirdness & Mutations

You cannot wear armour.
You are incapable of wielding weapons or throwing items.
Your paws allow you to move quietly. (Stealth)
You have sharp claws.
You have razor-sharp teeth.
You have supernaturally acute eyesight. (SInv)
You are carnivorous and can eat meat at any time.
You cover ground quickly.
You are covered in fur. (AC +1)
You have a slow metabolism.
Your sharp claws are effective at attacking unaware monsters.


Message History

The adder misses you. The jelly misses you. The adder completely misses you.
You are too injured to fight recklessly!
You are too injured to fight recklessly!
You are too injured to fight recklessly!
You are too injured to fight recklessly!
You are too injured to fight recklessly!
You are too injured to fight recklessly!
You are too injured to fight recklessly!
You are too injured to fight recklessly!
You are too injured to fight recklessly!
You are too injured to fight recklessly!
You are too injured to fight recklessly!
You are too injured to fight recklessly!
You are too injured to fight recklessly!
You scratch the jelly.
Your paws burn!
* * * LOW HITPOINT WARNING * * *
You kill the jelly!
The adder misses you. The adder bites you.
You die...

##### ###...#
.....# #... #
###.###
#.##.....# ..#
#..%.S...#####
..#
#.@.......#
...#
#.....###.#
...# #.......#
#.# # ###b..#
#.....### #.#
..##.....#
#...### #.#
#...J...# ##..
#.# #.##†#<.#
##. #.#
#.##.#..# #.
#.# #.......#
####.#


You could see an adder.

Vanquished Creatures
  A jelly (D:3)
  3 adders
  A leopard gecko (D:3)
  3 orcs
  7 bats
  3 giant cockroaches
  4 hobgoblins
  2 kobolds
  A quokka (D:2)
  4 frilled lizards
  6 goblins
  7 rats
42 creatures vanquished.

Notes
Turn   | Place    | Note
-------+----------+-------------------------------------------
     0 | D:1      | theblackcape the Felid Monk began the quest for the Orb.
     0 | D:1      | Reached XP level 1. HP: 10/10 MP: 2/2
   399 | D:1      | Reached XP level 2. HP: 11/14 MP: 3/3
   741 | D:2      | Reached XP level 3. HP: 16/17 MP: 4/4
   910 | D:2      | Found an opulent altar of Gozag.
   987 | D:3      | Found an ancient bone altar of Kikubaaqudgha.
  1527 | D:3      | Found a hide-covered altar of Uskayaw.
  1772 | D:3      | Reached XP level 4. HP: 13/21 MP: 5/5
  1793 | D:3      | Splashed by a jelly's acid
  1794 | D:3      | Reached XP level 3. HP: -4/17 MP: 4/4
  1901 | D:3      | Slain by an adder

Skill      XL: |  1  2  3 |
---------------+----------+-----
Stealth        | 3 |  3.8
Unarmed Combat | 4 |  4.4
Fighting       | |  3.1
Dodging        | |  4.7

Action                   |  1- 3 |  4- 6 || total
-------------------------+-------+-------++-------
Melee: Unarmed           |   105 |     4 ||   109
       Bite              |    11 |     1 ||    12
       Punch             |     2 |       ||     2
  Use: Scroll            |     2 |       ||     2
       Potion            |     2 |       ||     2
 Stab: Sleeping          |     9 |       ||     9
  Eat: Chunk             |    14 |       ||    14
Armor: Skin              |     4 |       ||     4
Dodge: Dodged            |    90 |     8 ||    98
